 Dungeon Crawl Stone Soup version 0.28-a0-1415-g7c84da036a (webtiles) character file.

Game seed: 9752462467014568581

14234 backslashecho the Severer (level 11, -4/97 HPs)
             Began as a Minotaur Cinder Acolyte on Jan 8, 2022.
             Was a High Priest of Ignis.
             Slain by a blink frog (12 damage)
             ... on level 8 of the Dungeon.
             The game lasted 00:32:58 (17801 turns).

backslashecho the Severer (MiCA)                   Turns: 17801, Time: 00:32:58

Health: -4/97      AC: 17    Str: 23    XL:     11   Next: 86%
Magic:  11/11      EV:  9    Int: 11    God:    Ignis [*****.]
Gold:   578        SH:  7    Dex:  6    Spells: 12/12 levels left

rFire   + . .      SeeInvis .   a - +0 broad axe
rCold   + . .      Faith    .   D - +0 kite shield
rNeg    . . .      Spirit   .   e - +0 plate armour
rPois   .          Reflect  .   (helmet restricted)
rElec   .          Harm     .   g - +1 cloak
rCorr   .          Rampage  .   M - +0 pair of gloves
Will    .....                   (no boots)
Stlth   ..........              (no amulet)
HPRegen 0.26/turn               d - +4 ring of evasion
MPRegen 0.12/turn               y - ring of protection from cold

@: no status effects
A: horns 2, retaliatory headbutt
a: Renounce Religion, Fiery Armour, Foxfire Swarm, Rising Flame


You were on level 8 of the Dungeon.
You worshipped Ignis.
Ignis was extremely pleased with you.
You visited 3 branches of the dungeon, and saw 12 of its levels.
You also visited: Ossuary.

You collected 626 gold pieces.
You spent 48 gold pieces at shops.

Inventory:

Hand Weapons
 a - a +0 broad axe (weapon)
 b - a -1 hand axe of flaming
Missiles
 j - a javelin (quivered)
 G - a throwing net
 I - a curare-tipped dart
 L - 30 poisoned darts
Armour
 e - a +0 plate armour (worn)
 g - a +1 cloak (worn)
 D - a +0 kite shield (worn)
 M - a +0 pair of gloves (worn)
Jewellery
 d - a +4 ring of evasion (left hand)
 l - a ring of resist corrosion
 y - a ring of protection from cold (right hand)
 z - a ring of ice
Wands
 h - a wand of digging (3)
 w - a wand of paralysis (23)
 H - a wand of acid (7)
 R - a wand of flame (18)
Scrolls
 m - 10 scrolls of teleportation
 p - 7 scrolls of magic mapping
 q - a scroll of vulnerability
 s - 2 scrolls of summoning
 t - 2 scrolls of fear {unknown}
 u - 2 scrolls of amnesia {unknown}
 A - 3 scrolls of enchant armour
 B - a scroll of acquirement {unknown}
 C - a scroll of immolation {unknown}
 E - a scroll of blinking {unknown}
 N - a scroll of identify
 O - 3 scrolls of enchant weapon {unknown}
 P - a scroll of brand weapon {unknown}
 Q - a scroll of holy word {unknown}
Potions
 c - 3 potions of haste
 f - 5 potions of curing
 i - 4 potions of brilliance
 k - 2 potions of flight
 n - 2 potions of heal wounds {unknown}
 o - a potion of might {unknown}
 r - a potion of attraction {unknown}
 v - 2 potions of invisibility
 x - a potion of magic {unknown}
 F - a potion of lignification {unknown}
 J - 2 potions of cancellation {unknown}
 K - a potion of ambrosia
 S - a potion of mutation {unknown}


   Skills:
 - Level 9.0 Fighting
 * Level 17.3 Axes
 - Level 9.0 Armour
 + Level 4.4 Shields
 - Level 1.0 Unarmed Combat
 - Level 1.0 Spellcasting
 - Level 2.1 Fire Magic
 + Level 5.8 Evocations


You had 12 spell levels left.
You didn't know any spells.
Your spell library contained the following spells:

 Spells                   Type           Power      Damage    Failure   Level
 Pain                     Necr           0%         1d4       100%        1
 Shock                    Conj/Air       0%         1d3       100%        1
 Corpse Rot               Necr/Air       0%         N/A       100%        2
 Passwall                 Tmut/Erth      0%         N/A       100%        2
 Scorch                   Fire           10%        2d5       100%        2
 Gell's Gravitas          Tloc           0%         N/A       100%        3
 Lesser Beckoning         Tloc           0%         N/A       100%        3
 Ozocubu's Armour         Ice            0%         N/A       100%        3
 Swiftness                Air            0%         N/A       100%        3
 Teleport Other           Tloc           0%         N/A       100%        3
 Airstrike                Air            0%         N/A       100%        4
 Dispel Undead            Necr           0%         3d6       100%        4
 Hailstorm                Conj/Ice       0%         3d3       100%        4
 Ice Form                 Ice/Tmut       0%         N/A       100%        4
 Agony                    Necr           0%         N/A       100%        5
 Excruciating Wounds      Necr           0%         N/A       100%        5
 Metabolic Englaciation   Hex/Ice        0%         N/A       100%        5
 Death Channel            Necr           0%         N/A       100%        6
 Simulacrum               Ice/Necr       0%         N/A       100%        6
 Ozocubu's Refrigeration  Ice            0%         4d5       100%        7


Dungeon Overview and Level Annotations

Branches:
Dungeon (10/15)            Temple (1/1) D:7            Lair (1/6) D:8
    Orc (0/2) D:10        Ossuary (visited)

Altars:
Ashenzari
Cheibriados
Dithmenos
Elyvilon
Fedhas
Gozag
Hepliaklqana
Kikubaaqudgha
Makhleb
Nemelex Xobeh
Okawaru
Qazlal
Ru
Sif Muna
Trog
Uskayaw
Vehumet
Wu Jian
Xom
Yredelemnul
Zin
The Shining One

Shops:
D:7 =   D:10 *

Annotations:
D:3 1 runed translucent door, croobank's ghost, amateur DsAK


Innate Abilities, Weirdness & Mutations

You have a pair of horns on your head.
You reflexively headbutt those who attack you in melee.


Message History

The yak is heavily wounded.
You block the yak's attack.
You barely miss the yak. You headbutt the yak.
The yak is severely wounded.
The blink frog blinks!
You block the yak's attack.
You hit the yak but do no damage.
The yak is severely wounded.
The yak gores you but does no damage.
You barely miss the yak.
The yak is severely wounded.
You block the yak's attack.
You barely miss the yak.
The yak is severely wounded.
The yak completely misses you.
You slash the yak!
You kill the yak!
You slice the blink frog!! Your headbutt misses the blink frog.
The blink frog is severely wounded.
The blink frog barely misses you. The blink frog hits you!
* * * LOW HITPOINT WARNING * * *
You take 6 damage, and have 11/97 hp.
You slash the blink frog!
The blink frog is almost dead.
The blink frog hits you!
* * * LOW HITPOINT WARNING * * *
The blink frog blinks!
You take 10 damage, and have 1/97 hp.
You feel better.
You regained 6 hp, and now have 7/97 hp.
Aiming: Paralyse
Press: ? - help, Shift-Dir - straight line, f - blink frog
Aim: a blink frog (almost dead, chance to affect: 46%)
Okay, then.
Unknown command.
Aiming: Throw Flame
Press: ? - help, Shift-Dir - straight line, f - blink frog
Aim: a blink frog (almost dead, 54% to hit)
The puff of flame misses the blink frog.
The blink frog hits you!
You die...

########## #......... ####
##.######## PPP######
##########.......... ....#...#
#.§@F............... ...P#...#
#.################## ....F...#
#.#................P ........#
#.#........≈........ ........#
#†#......P≈≈≈P......
........######.#.......≈≈≈.......
.........FY....#..(...P≈≈≈P.....P
....#......Y...#.....P.≈≈≈.P.....
....###........#P.P.P.P≈≈≈....P.P


You could see a blink frog.

Vanquished Creatures
  Harold (D:7)
  A centaur warrior (D:10)
  Pikel (D:8)
  An ugly thing (D:8)
  A manticore (D:8)
  A naga mage (D:9)
  A gargoyle (D:8)
  A komodo dragon (D:8)
  A troll (D:8)
  Grinder (D:3)
  3 blink frogs (D:8)
  A vampire (D:9)
  Sigmund (D:5)
  14 yaks
  2 wyverns (D:8)
  4 steam dragons
  4 wargs
  A water moccasin (D:6)
  A swamp drake (D:10)
  10 orc warriors
  2 sky beasts
  A necrophage (D:6)
  2 black bears
  An ogre (D:6)
  5 centaurs
  2 phantoms
  3 kobold brigands
  A lemure (D:8)
  5 bullfrogs
  A gnoll sergeant (D:8)
  10 scorpions (Ossuary)
  A wyvern zombie (D:8)
  A wyvern skeleton (D:7)
  A water moccasin skeleton (D:4)
  12 killer bees
  4 wights (D:8)
  5 howler monkeys
  7 centaur zombies
  3 jellies
  A bullfrog zombie (D:6)
  3 hounds
  5 human zombies (Ossuary)
  A centaur skeleton (D:6)
  Crazy Yiuf (D:3)
  5 orc priests
  A gnoll shaman (D:5)
  Jessica (D:3)
  5 scorpion zombies
  An iguana (D:6)
  8 orc wizards
  Terence (D:3)
  A killer bee zombie (D:9)
  4 hound zombies (D:4)
  3 mummies (Ossuary)
  A howler monkey zombie (D:8)
  14 gnolls
  8 adders
  A shadow imp (D:4)
  A white imp (D:6)
  2 adder zombies (D:4)
  2 adder skeletons (D:4)
  2 worms (D:2)
  3 dart slugs
  39 orcs
  5 bats
  5 endoplasms
  2 giant cockroaches
  4 gnoll zombies (Ossuary)
  9 goblins
  14 hobgoblins
  7 jackals (D:4)
  6 quokkas
  9 ball pythons
  5 frilled lizards
  2 goblin zombies (Ossuary)
  3 hobgoblin zombies (Ossuary)
  23 kobolds
  3 orc zombies (Ossuary)
  2 quokka skeletons (D:4)
  4 rats
335 creatures vanquished.

Vanquished Creatures (collateral kills)
  4 killer bees (D:10)
4 creatures vanquished.

Vanquished Creatures (others)
  An unseen horror (shapeshifter) (D:8)
  An orc (D:7)
  28 plants (D:8)
  2 withered plants (D:4)
32 creatures vanquished.

Grand Total: 371 creatures vanquished

Notes
Turn   | Place    | Note
-------+----------+-------------------------------------------
     0 | D:1      | backslashecho the Minotaur Cinder Acolyte began the quest
                  | for the Orb.
     0 | D:1      | Reached XP level 1. HP: 19/19 MP: 1/1
   206 | D:1      | Reached skill level 4 in Axes
   394 | D:1      | Reached XP level 2. HP: 24/27 MP: 2/2
   489 | D:1      | Reached skill level 1 in Unarmed Combat
  1111 | D:1      | Reached XP level 3. HP: 28/33 MP: 3/3
  1192 | D:1      | Found a faded altar of an unknown god.
  1938 | D:2      | Reached skill level 5 in Axes
  2181 | D:2      | Reached XP level 4. HP: 41/41 MP: 4/4
  2631 | D:3      | Noticed Grinder
  2889 | D:3      | Noticed Terence
  2906 | D:3      | Killed Terence
  2907 | D:3      | Reached skill level 6 in Axes
  2907 | D:3      | Reached XP level 5. HP: 38/47 MP: 5/5
  3039 | D:3      | Noticed Jessica
  3046 | D:3      | Killed Jessica
  3047 | D:3      | Reached skill level 5 in Fighting
  3238 | D:3      | Killed Grinder
  3239 | D:3      | Reached skill level 7 in Axes
  3239 | D:3      | Reached XP level 6. HP: 27/57 MP: 6/6
  3505 | D:3      | Found a runed translucent door.
  3506 | D:3      | Noticed Crazy Yiuf
  3664 | D:3      | Found a runed translucent door.
  3883 | D:3      | Noticed croobank's ghost (amateur DsAK)
  3982 | D:3      | Killed Crazy Yiuf
  4338 | D:4      | Reached skill level 8 in Axes
  4345 | D:4      | Reached XP level 7. HP: 52/63 MP: 7/7
  4456 | D:4      | Found a sand-covered staircase.
  4470 | Ossuary  | Entered an ossuary
  4530 | Ossuary  | Reached skill level 9 in Axes
  4980 | Ossuary  | Reached XP level 8. HP: 41/73 MP: 8/8
  5146 | Ossuary  | Reached skill level 10 in Axes
  5740 | Ossuary  | Reached skill level 11 in Axes
  6627 | D:5      | Entered Level 5 of the Dungeon
  6861 | D:5      | Reached skill level 12 in Axes
  6861 | D:5      | Reached XP level 9. HP: 82/82 MP: 9/9
  7042 | D:5      | Noticed Sigmund
  7050 | D:5      | Killed Sigmund
  7444 | D:6      | Reached skill level 1 in Armour
  7466 | D:6      | Reached skill level 1 in Evocations
  7946 | D:6      | Reached skill level 13 in Axes
  8774 | D:7      | Found a staircase to the Ecumenical Temple.
  8787 | Temple   | Entered the Ecumenical Temple
  9085 | D:7      | Found Inatuario's Jewellery Boutique.
  9262 | D:7      | Noticed Harold
  9277 | D:7      | Killed Harold
  9278 | D:7      | Reached skill level 14 in Axes
  9278 | D:7      | Reached XP level 10. HP: 45/91 MP: 10/10
  9930 | D:8      | Noticed a manticore
  9939 | D:8      | Killed a manticore
  9950 | D:8      | Reached skill level 5 in Armour
 11093 | D:8      | Found a staircase to the Lair.
 11459 | D:8      | Reached skill level 15 in Axes
 11856 | D:8      | Noticed a cyan ugly thing
 11866 | D:8      | Killed a cyan ugly thing
 12123 | D:8      | Noticed a gargoyle
 12131 | D:8      | Killed a gargoyle
 12132 | D:8      | Reached skill level 5 in Evocations
 12294 | D:8      | Noticed Pikel
 12309 | D:8      | Killed Pikel
 12462 | D:8      | Reached XP level 11. HP: 93/97 MP: 11/11
 14062 | D:9      | Reached skill level 16 in Axes
 14321 | D:9      | Found a white marble altar of Elyvilon.
 14572 | D:10     | Entered Level 10 of the Dungeon
 15078 | D:10     | Found Netianke's General Store.
 15084 | D:10     | Bought a +0 broad axe for 48 gold pieces
 15495 | D:10     | Reached skill level 1 in Shields
 15972 | D:10     | Found a staircase to the Orcish Mines.
 16501 | D:10     | Noticed a centaur warrior
 16516 | D:10     | Killed a centaur warrior
 17285 | Lair:1   | Entered Level 1 of the Lair of Beasts
 17300 | D:8      | Reached skill level 17 in Axes
 17799 | D:8      | HP: 1/97 [blink frog (10)]
 17801 | D:8      | Slain by a blink frog

Illustrated notes

Levels and vault maps discovered:
D:1:      ncdulo_halloftheorcs, layout_loops_ring, basic_ecumenical_altar
D:2:      layout_loops_ring, palyth_stone_intersect, minmay_fractal_squares_5
D:3:      layout_loops_ring, ebering_ghost_reflecting_pool, uniq_terence,
          uniq_crazy_yiuf_cottage, uniq_jessica, uniq_grinder
D:4:      layout_loops_ring, enter_ossuary_1, serial_undead, serial_undead_c,
          serial_undead_e, serial_undead_a, serial_undead_e
D:5:      layout_rooms, dk_noncrumbling_3, kennysheep_potato, uniq_sigmund
D:6:      layout_layer_cave, corexii_corridor_pit, grunt_ministairs_3
D:7:      layout_loops_ring, temple_statues, serial_shops, nicolae_shop_stone,
          uniq_harold
D:8:      wad_statue_garden, layout_basic, david_lair_shrubbed, uniq_pikel
D:9:      layout_rooms, mainiacjoe_overflow_tiny_flanked, minmay_librarian
D:10:     layout_loops_corners, erik_orc_1, serial_shops, nicolae_diamond_shop,
          nooodl_orcs_dogs
Temple:   kilobyte_greek_temple
Lair:1:   layout_cave_pods, beast_lair_carwin_5

Skill      XL: |  1  2  3  4  5  6  7  8  9 10 11 |
---------------+----------------------------------+-----
Axes           | 4 5 6 7 8 9 12 14 15 17 | 17.3
Unarmed Combat | 1 |  1.0
Fighting       | 4 5 6 7 8 9 |  9.0
Armour         | 4 7 9 |  9.0
Evocations     | 3 5 |  5.8
Shields        | 4 |  4.4
Spellcasting   | |  1.0
Fire Magic     | |  2.1

Action                   |  1- 3 |  4- 6 |  7- 9 | 10-12 || total
-------------------------+-------+-------+-------+-------++-------
Melee: Hand axe          |    91 |   119 |   455 |   252 ||   917
       Headbutt          |     9 |    21 |    91 |   101 ||   222
       Punch             |       |       |     5 |     1 ||     6
       Broad axe         |       |       |       |   203 ||   203
       War axe           |       |       |       |    89 ||    89
Throw: Javelin           |       |     3 |     1 |       ||     4
       Throwing net      |       |       |       |     1 ||     1
Evoke: Wand              |       |       |     3 |     4 ||     7
  Use: Scroll            |       |     1 |     5 |     8 ||    14
       Potion            |       |       |       |     5 ||     5
 Stab: Paralysed         |       |       |     2 |     7 ||     9
       Invisible         |       |       |       |     4 ||     4
Armor: Robe              |     7 |       |       |       ||     7
       Chain mail        |    10 |     4 |       |       ||    14
       Plate armour      |       |    53 |   187 |   267 ||   507
Dodge: Dodged            |    42 |    42 |   174 |   229 ||   487
Block: Kite shield       |       |       |       |   134 ||   134

Table legend: (Time is in decaauts)
 A = Elapsed time spent in this place.
 B = Non-inter-level travel time spent in this place.
 C = Inter-level travel time spent in this place.
 D = Time resting spent in this place.
 E = Time spent auto-exploring this place.
 F = Levels seen in this place.
 G = Mean time per level.
                   A        B        C        D        E       F      G
               +--------+--------+--------+--------+--------+-----+--------+
         Total |  17693 |  16859 |    834 |   5167 |   8667 |  13 | 1361.0 |
       Dungeon |  15941 |  15119 |    822 |   4248 |   8181 |  10 | 1594.1 |
        Temple |    169 |    157 |     12 |      0 |    152 |   1 |  169.0 |
          Lair |     10 |     10 |      0 |      0 |      0 |   1 |   10.0 |
       Ossuary |   1572 |   1572 |      0 |    919 |    334 |   1 | 1572.0 |
               +--------+--------+--------+--------+--------+-----+--------+

Top non-repeatable levels by time:
     D:8: 3881 daAuts
    D:10: 1978 daAuts
     D:1: 1847 daAuts
     D:9: 1637 daAuts
 Ossuary: 1572 daAuts
     D:3: 1565 daAuts
     D:7: 1288 daAuts
     D:6: 1262 daAuts
     D:2: 952 daAuts
     D:4: 829 daAuts
     D:5: 698 daAuts
  Temple: 169 daAuts
  Lair:1: 10 daAuts
